 Dungeon Crawl Stone Soup version 0.30-a0-170-g85af917532 (webtiles) character file.

Game seed: 1781816512843709273

35 Darkkill the Shooter (level 3, -2/27 HPs)
             Began as a Human Hunter on Sept 30, 2022.
             Slain by Sigmund
             ... wielding a +0 scythe
              (8 damage)
             ... on level 2 of the Dungeon.
             The game lasted 00:01:20 (708 turns).

Darkkill the Shooter (Human Hunter)                  Turns: 708, Time: 00:01:21

Health: -2/27      AC:  3    Str: 11    XL:     3   Next: 52%
Magic:  3/3        EV: 12    Int:  9    God:
Gold:   54         SH:  0    Dex: 18    Spells: 2/2 levels left

rFire   . . .      SeeInvis .    a - +0 shortbow
rCold   . . .      Faith    .    (shield currently unavailable)
rNeg    . . .      Spirit   .    c - +0 leather armour
rPois   .          Reflect  .    (no helmet)
rElec   .          Harm     +    h - scarf {harm}
rCorr   .          Rampage  .    (no gloves)
Will    .....                    (no boots)
Stlth   ++........               f - amulet of regeneration
HPRegen 0.89/turn                (no ring)
MPRegen 0.08/turn                (no ring)

@: no status effects
A: no striking features
a: no special abilities


You were on level 2 of the Dungeon.
You visited 1 branch of the dungeon, and saw 2 of its levels.

You collected 54 gold pieces.

Inventory:

Hand Weapons
 a - a +0 shortbow (weapon)
Armour
 c - a +0 leather armour (worn)
 h - a scarf of harm (worn)
Jewellery
 f - an amulet of regeneration (around neck)
 g - a +6 ring of intelligence
Scrolls
 b - a scroll of immolation
Potions
 d - a potion of invisibility {unknown}
 e - 2 potions of degeneration {unknown}


   Skills:
 + Level 2.1 Fighting
 + Level 4.8 Ranged Weapons
 + Level 2.3 Dodging
 + Level 1.1 Stealth


You had 2 spell levels left.
You didn't know any spells.
Your spell library was empty.

Dungeon Overview and Level Annotations

Branches:
Dungeon (2/15)

Altars:

Shops:
D:1 [

Annotations:
D:2 Sigmund


Message History

The endoplasm is heavily wounded.
Sigmund shouts!
The hobgoblin shouts!
There are monsters nearby!
You shoot an arrow. The arrow hits the endoplasm!
You kill the endoplasm!
Sigmund points at you and mumbles some strange words.
The magic dart hits you.
You shoot an arrow. The arrow barely misses Sigmund.
Sigmund gestures wildly while chanting.
Sigmund flickers and vanishes!
Deactivating autopickup; reactivate with Ctrl-A.
No target in view!
No target in view!
There is a strange disturbance nearby!
There is a strange disturbance nearby!
No target in view!
There is a strange disturbance nearby!
No target in view!
There is a strange disturbance nearby!
No target in view!
There is a strange disturbance nearby!
No target in view!
You shoot an arrow. The arrow hits the hobgoblin.
You kill the hobgoblin!
Something hits you but does no damage. Something hits you!
You shoot an arrow. Something hits you!
You shoot an arrow. Something hits you.
You shoot an arrow. Something hits you but does no damage.
You shoot an arrow.
You hear some strange, mumbled words.
A magic dart appears from out of thin air!
The magic dart hits you.
You shoot an arrow.
You hear some strange, mumbled words.
A puff of flame appears from out of thin air!
The puff of flame hits you.
* * * LOW HITPOINT WARNING * * *
You shoot an arrow. Something hits you!
You die...

## ##.#### ##...#.. ..#
##......######).
#............#.#
#..$......##.#.#
..#...#....#.#.#
.....<{@#..#<#.#
###.#.#.#......#####..#
.. #.##.#.#......... ##
#.##.#.#.##.####.
#.#......# # #..).....#
###...##.# ##.###.# #.#
#.#


There were no monsters in sight!

Vanquished Creatures
  3 endoplasms
  2 giant cockroaches (D:1)
  4 hobgoblins
  2 jackals (D:1)
  3 kobolds (D:1)
  3 quokkas (D:1)
  4 ball pythons (D:1)
  3 bats (D:1)
  A frilled lizard (D:1)
  3 goblins
  2 rats (D:1)
30 creatures vanquished.

Notes
Turn   | Place    | Note
-------+----------+-------------------------------------------
     0 | D:1      | Darkkill the Human Hunter began the quest for the Orb.
     0 | D:1      | Reached XP level 1. HP: 16/16 MP: 1/1
    62 | D:1      | Found Huolun's Antique Armour Shop.
    78 | D:1      | Reached XP level 2. HP: 22/22 MP: 2/2
   249 | D:1      | Reached XP level 3. HP: 27/27 MP: 3/3
   253 | D:1      | Found a faded altar of an unknown god.
   676 | D:1      | You fall into a shaft and drop 1 floor!
   693 | D:2      | Noticed Sigmund
   708 | D:2      | Slain by Sigmund

Illustrated notes

Levels and vault maps discovered:
D:1:      nzn_arrival_depleted_hourglass, layout_basic, basic_ecumenical_altar,
          serial_shops, shop, minmay_misc_feat_encased
D:2:      wander_river, layout_loops_ring, uniq_crazy_yiuf_cottage,
          uniq_terence, uniq_sigmund, uniq_natasha

Action                   || total
-------------------------++-------
 Fire: Shortbow          ||    55
Armor: Leather armour    ||     4
Dodge: Dodged            ||     9

Table legend: (Time is in decaauts)
 A = Elapsed time spent in this place.
 B = Non-inter-level travel time spent in this place.
 C = Inter-level travel time spent in this place.
 D = Time resting spent in this place.
 E = Time spent auto-exploring this place.
 F = Levels seen in this place.
 G = Mean time per level.
                   A        B        C        D        E       F      G
               +--------+--------+--------+--------+--------+-----+--------+
         Total |    725 |    653 |     72 |      0 |    519 |   2 |  362.5 |
       Dungeon |    725 |    653 |     72 |      0 |    519 |   2 |  362.5 |
               +--------+--------+--------+--------+--------+-----+--------+

Top non-repeatable levels by time:
     D:1: 690 daAuts
     D:2: 34 daAuts
